 Dungeon Crawl Stone Soup version 0.31-a0-1074-g0b22e4e0f1 (webtiles) character file.

Game seed: 12630218015405432326

38886 BigPumpCobain the Brawler (level 13, -4/133 HPs)
             Began as a Troll Shapeshifter on Dec 6, 2023.
             Was an Elder of Trog.
             Slain by a six-headed hydra (6 damage)
             ... while petrified by a catoblepas
             ... on level 4 of the Lair of Beasts.
             The game lasted 00:36:19 (13173 turns).

BigPumpCobain the Brawler (Troll Shapeshifter)     Turns: 13173, Time: 00:36:20

Health: -4/133     AC: 11    Str: 35    XL:     13   Next: 66%
Magic:  12/12      EV:  1    Int: 12    God:    Trog [****..]
Gold:   828        SH:  0    Dex:  9    Spells: 12/12 levels left

rFire   . . .        J - +3 quarterstaff (chaos)
rCold   . . .        (shield currently unavailable)
rNeg    + + +        K - +3 acid dragon scales
rPois   ∞            (helmet currently unavailable)
rElec   .            (cloak currently unavailable)
rCorr   +            (gloves unavailable)
SInv    .            (boots unavailable)
Will    .....        q - amulet of reflection
Stlth   +            f - +6 ring of strength
HPRegen 1.22/turn    a - +6 ring of intelligence
MPRegen 0.13/turn

%: reflection
@: beast-form, petrified, on berserk cooldown, slowed
A: beast (slay +4), large, unfitting armour, claws 3, regeneration 1, shaggy fur
1, tough skin 1
a: Begin Untransformation, Renounce Religion, Berserk, Trog's Hand, Brothers in
Arms


You were on level 4 of the Lair of Beasts.
You worshipped Trog.
Trog was greatly pleased with you.
You were a hulking beast.
You visited 2 branches of the dungeon, and saw 16 of its levels.

You collected 828 gold pieces.

Inventory:

Hand Weapons
 u - a +0 hand axe of flaming
 F - a +1 bardiche
 J - a +3 quarterstaff of chaos (weapon)
Missiles
 x - 15 poisoned darts
Armour
 K - +3 acid dragon scales (worn)
Jewellery
 a - a +6 ring of intelligence (right claw)
 f - a +6 ring of strength (left claw)
 k - an amulet of the acrobat
 p - an amulet of magic regeneration
 q - an amulet of reflection (around neck)
 C - an amulet of regeneration
 N - an amulet of faith
Talismans
 c - a beast talisman
 d - a flux talisman
Wands
 l - a wand of mindburst (18)
 m - a wand of acid (6)
 y - a wand of flame (1)
 z - a wand of digging (15)
 D - a wand of iceblast (5)
 H - a wand of charming (1)
 I - a wand of polymorph (13)
Scrolls
 e - 3 scrolls of noise
 h - 9 scrolls of teleportation
 i - a scroll of silence
 j - a scroll of enchant weapon {unknown}
 n - a scroll of blinking
 o - 3 scrolls of vulnerability
 s - a scroll of fog
 t - a scroll of brand weapon
 v - a scroll of acquirement {unknown}
 w - a scroll of identify
Potions
 b - a potion of lignification
 g - a potion of degeneration {unknown}
 r - a potion of resistance
 A - a potion of haste
 B - a potion of attraction {unknown}
 E - 2 potions of ambrosia {unknown}
 G - 3 potions of enlightenment
 L - a potion of cancellation {unknown}
 M - 4 potions of curing


   Skills:
 + Level 10.3 Fighting
 + Level 10.3 Dodging
 + Level 15.6 Unarmed Combat
 + Level 7.2 Shapeshifting


You had 12 spell levels left.
You didn't know any spells.
Your spell library contained the following spells:

 Spells                   Type           Power      Damage    Failure   Level
 Sandblast                Erth           0%         2d4       36%         1
 Passwall                 Tmut/Erth      0%         N/A       50%         2
 Stone Arrow              Conj/Erth      0%         3d7       75%         3
 Brom's Barrelling Bould  Conj/Erth      0%         2d3       98%         4


Dungeon Overview and Level Annotations

Branches:
Dungeon (12/15)            Temple (0/1) D:7            Lair (4/5) D:11
 Shoals (0/4) Lair:2       Spider (0/4) Lair:3          Orc (0/2) D:11
  Slime: Lair:4-5

Altars:
Dithmenos
Elyvilon
Fedhas
Gozag
Hepliaklqana
Kikubaaqudgha
Makhleb
Ru
Sif Muna
Trog
Vehumet
Xom
The Shining One

Shops:
D:9 (   D:10 =

Annotations:
D:8 8 transporters, exclusions: ice statue and oklob plant, IdlyInterested's ghost, novice DsSh


Innate Abilities, Weirdness & Mutations

You are a hulking beast.
Your limbs bulge with bestial killing power. (Slay +4)
You are immune to poison.
You are too large for most types of armour.
You have claws for hands.
Your natural rate of healing is unusually fast.
You are covered in fur. (AC +1)
You have tough skin. (AC +1)


Message History

You are engulfed in calcifying dust.
The catoblepas gores you!!
* * * LOW HITPOINT WARNING * * *
The death yak gores you!
* * * LOW HITPOINT WARNING * * *
The six-headed hydra is engulfed in calcifying dust.
You are engulfed in calcifying dust.
You feel yourself speed up. The death yak gores you!!
* * * LOW HITPOINT WARNING * * *
The catoblepas breathes a plume of calcifying dust at you.
The blast of calcifying dust hits you.
* * * LOW HITPOINT WARNING * * *
You are engulfed in calcifying dust.
The six-headed hydra is no longer petrified.
The six-headed hydra bites you!
* * * LOW HITPOINT WARNING * * *
The six-headed hydra bites you!
* * * LOW HITPOINT WARNING * * *
The six-headed hydra bites you.
* * * LOW HITPOINT WARNING * * *
The six-headed hydra bites you!
* * * LOW HITPOINT WARNING * * *
The six-headed hydra bites you but does no damage. x2
The death yak gores you!
* * * LOW HITPOINT WARNING * * *
The catoblepas gores you but does no damage.
Being near the torpor snail leaves you feeling lethargic.
You are engulfed in calcifying dust.
You are no longer berserk.
You feel as though you will be slow longer.
The six-headed hydra bites you.
* * * LOW HITPOINT WARNING * * *
The six-headed hydra bites you!
* * * LOW HITPOINT WARNING * * *
The six-headed hydra bites you but does no damage.
The six-headed hydra completely misses you.
The six-headed hydra bites you!
* * * LOW HITPOINT WARNING * * *
The six-headed hydra bites you!
You die...

#♣.♣.♣#...♣.......♣...#.#.#.#
#♣♣.♣♣♣.♣.♣.♣.♣.♣.♣.♣.♣.#.#.#
#..⌠....♣[♣.♣.♣.♣.♣.♣...#.#.#
#♣♣.♣♣♣♣♣.♣[♣.♣.♣.♣.♣♣♣[#.#.#
♣.♣. ♣.†.♣...♣...♣ #.#.#.#
#.♣ ♣ ######.###### #.#.#.#
#♣ ♣.. #.#.#.# ♣♣♣♣. #.#'#.#
♣♣hY♣♣ #♣...♣# ♣♣.DYB♣ ♣♣.♣♣#
♣♣..♣♣♣w♣ ##∩## ♣♣..♣♣ .♣
##...## #♣..♣♣ .♣ :.#....>#
#...♣♣ ♣♣..#>....# #♣♣..♣♣
♣..♣#....># ♣♣..♣♣ ♣..♣
##...## ♣♣..♣♣ ♣..♣ ##∩##


You could see a death yak, a catoblepas, a boulder beetle, a six-headed hydra
and a torpor snail.

Vanquished Creatures
  Snorg (Lair:4)
  4 hydras
  A two-headed ogre (D:11)
  4 death yaks
  4 skysharks
  Pikel (D:8)
  4 elephants (Lair:3)
  2 black mambas
  2 torpor snails
  A gargoyle (D:9)
  11 cane toads
  An unseen horror (D:11)
  Maggie (Lair:2)
  Psyche (D:8)
  5 komodo dragons
  2 rime drakes
  2 polar bears (Lair:4)
  2 trolls
  23 blink frogs
  3 dream sheep (Lair:1)
  A snapping turtle (Lair:2)
  A jumping spider (Lair:3)
  3 shadows
  A water elemental (Lair:2)
  A basilisk (D:11)
  2 wraiths
  Grum (D:8)
  4 wyverns
  32 yaks
  A redback (Lair:3)
  2 steam dragons
  2 vampire mosquitoes (D:10)
  Menkaure (D:7)
  14 water moccasins
  2 acid dragons
  7 orc warriors
  A sky beast (D:6)
  2 black bears
  2 ogres (D:5)
  9 wolves
  5 centaurs
  2 lemures (D:8)
  A phantom (D:6)
  A kobold brigand (D:7)
  20 bullfrogs
  31 killer bees
  4 howler monkeys
  An electric eel (Lair:2)
  A crimson imp (D:8)
  A jelly (D:6)
  4 orc priests
  2 hounds
  Crazy Yiuf (D:7)
  5 iguanas
  3 sleepcaps
  2 gnoll boudas
  13 orc wizards
  An adder (D:4)
  12 gnolls
  A shadow imp (D:8)
  A white imp (D:6)
  2 ufetubi (D:6)
  3 worms
  4 dart slugs
  35 orcs
  2 bats (D:2)
  5 endoplasms
  3 giant cockroaches
  9 goblins
  11 hobgoblins
  8 jackals
  7 kobolds
  3 quokkas
  6 ball pythons
  4 frilled lizards
  6 rats
384 creatures vanquished.

Vanquished Creatures (collateral kills)
  A polar bear (Lair:4)
  2 blink frogs (Lair:3)
  A yak (Lair:4)
  An orc warrior (D:11)
  A bullfrog (Lair:3)
  An orc (D:11)
7 creatures vanquished.

Vanquished Creatures (others)
  An orc (D:9)
1 creature vanquished.

Grand Total: 392 creatures vanquished

Notes
Turn   | Place    | Note
-------+----------+-------------------------------------------
     0 | D:1      | BigPumpCobain the Troll Shapeshifter began the quest for
                  | the Orb.
     0 | D:1      | Reached XP level 1. HP: 18/18 MP: 0/0
    96 | D:1      | Reached XP level 2. HP: 22/26 MP: 1/1
   281 | D:1      | Reached skill level 4 in Unarmed Combat
   401 | D:1      | Reached XP level 3. HP: 25/32 MP: 2/2
   729 | D:2      | Identified the +6 rapier of Aleliomm {vamp, Drain rPois
                  | rC+++ Dex-3}
   775 | D:2      | Found a white marble altar of Elyvilon.
   836 | D:2      | You fall into a shaft and drop 1 floor!
   840 | D:3      | Found a bloodstained altar of Trog.
   859 | D:3      | Became a worshipper of Trog the Wrathful
   946 | D:3      | Reached XP level 4. HP: 40/40 MP: 3/3
   969 | D:3      | Reached skill level 5 in Unarmed Combat
  1529 | D:4      | Found a blossoming altar of Fedhas.
  1804 | D:4      | Found a sacrificial altar of Ru.
  2142 | D:4      | Found an opulent altar of Gozag.
  2354 | D:5      | Entered Level 5 of the Dungeon
  2367 | D:5      | Reached XP level 5. HP: 30/46 MP: 4/4
  2373 | D:5      | Reached skill level 6 in Unarmed Combat
  2431 | D:5      | Found a shadowy altar of Dithmenos.
  2495 | D:5      | Noticed an ogre
  2501 | D:5      | Killed an ogre
  2502 | D:5      | Reached skill level 7 in Unarmed Combat
  2502 | D:5      | Reached XP level 6. HP: 54/54 MP: 5/5
  2744 | D:5      | Noticed a water moccasin
  2755 | D:5      | Killed a water moccasin
  2797 | D:5      | Reached * piety under Trog
  2798 | D:5      | Reached skill level 8 in Unarmed Combat
  2798 | D:5      | Reached XP level 7. HP: 55/61 MP: 6/6
  3377 | D:6      | Reached skill level 9 in Unarmed Combat
  3411 | D:6      | Reached XP level 8. HP: 29/68 MP: 7/7
  3478 | D:6      | Reached skill level 10 in Unarmed Combat
  3872 | D:6      | Found a shimmering altar of Xom.
  3895 | D:6      | Found a white marble altar of Elyvilon.
  4112 | D:7      | Reached skill level 1 in Fighting
  4208 | D:7      | Noticed Menkaure
  4213 | D:7      | Killed Menkaure
  4707 | D:7      | Noticed a troll
  4713 | D:7      | Killed a troll
  4714 | D:7      | Reached skill level 11 in Unarmed Combat
  4714 | D:7      | Reached XP level 9. HP: 80/80 MP: 8/8
  4717 | D:7      | Reached ** piety under Trog
  4950 | D:7      | Found a runed translucent door.
  4951 | D:7      | Noticed Crazy Yiuf
  4991 | D:7      | Found a staircase to the Ecumenical Temple.
  5059 | D:7      | Killed Crazy Yiuf
  5109 | D:8      | Noticed Grum
  5188 | D:8      | Killed Grum
  5241 | D:8      | Found a transporter.
  5245 | D:8      | Noticed an oklob plant
  5247 | D:8      | Noticed IdlyInterested's ghost (novice DsSh)
  5258 | D:8      | Noticed a troll
  5269 | D:8      | Found a transporter.
  5274 | D:8      | Noticed an ice statue
  5353 | D:8      | Found a flagged portal.
  5358 | D:8      | Noticed Pikel
  5380 | D:8      | Killed Pikel
  5381 | D:8      | Reached skill level 5 in Dodging
  5381 | D:8      | Reached skill level 12 in Unarmed Combat
  5436 | D:8      | Found a transporter.
  5448 | D:8      | Found a transporter.
  5453 | D:8      | Noticed Psyche
  5471 | D:8      | Killed Psyche
  5472 | D:8      | Reached skill level 5 in Fighting
  5472 | D:8      | Reached XP level 10. HP: 96/96 MP: 9/9
  5523 | D:8      | Identified the +4 tower shield of the Byakko {Int-5 Dex+3}
  5552 | D:8      | Found a transporter.
  5556 | D:8      | Found a transporter.
  5762 | D:8      | Found a transporter.
  5763 | D:8      | Found a transporter.
  5927 | D:8      | Reached *** piety under Trog
  6111 | D:8      | Found a burning altar of Makhleb.
  6187 | D:9      | Found a hazy altar of Hepliaklqana.
  6195 | D:9      | Found Xineev's Weapon Shoppe.
  6539 | D:9      | Noticed a gargoyle
  6544 | D:9      | Killed a gargoyle
  6804 | D:9      | Found a shimmering blue altar of Sif Muna.
  6812 | D:9      | Found an ancient bone altar of Kikubaaqudgha.
  6833 | D:9      | Found a radiant altar of Vehumet.
  6939 | D:10     | Entered Level 10 of the Dungeon
  7114 | D:10     | Reached skill level 13 in Unarmed Combat
  7386 | D:10     | Found Ukineab's Jewellery Boutique.
  7389 | D:10     | Reached XP level 11. HP: 106/107 MP: 10/10
  7569 | D:10     | Found a glowing golden altar of the Shining One.
  7686 | D:11     | Reached **** piety under Trog
  7974 | D:11     | Noticed an oklob plant
  7976 | D:11     | Found a staircase to the Lair.
  8280 | D:11     | Found a staircase to the Orcish Mines.
  8407 | D:11     | Noticed a two-headed ogre
  8413 | D:11     | Killed a two-headed ogre
  8940 | D:12     | Noticed a centaur warrior
  8940 | D:12     | Noticed a deep elf pyromancer
  9074 | D:11     | an oklob plant changed into a sleepcap
  9083 | Lair:1   | Entered Level 1 of the Lair of Beasts
  9110 | Lair:1   | Noticed a death yak
  9110 | Lair:1   | Noticed a death yak
  9110 | Lair:1   | Noticed a death yak
  9110 | Lair:1   | Noticed a death yak
  9138 | D:11     | Killed a death yak
  9165 | Lair:1   | Killed a death yak
  9168 | Lair:1   | Killed a death yak
  9171 | Lair:1   | Killed a death yak
  9267 | Lair:1   | Reached skill level 14 in Unarmed Combat
  9538 | Lair:1   | Reached XP level 12. HP: 122/122 MP: 11/11
 10139 | Lair:1   | Found a radiant altar of Vehumet.
 10296 | Lair:2   | Noticed an eight-headed hydra
 10306 | Lair:2   | Killed an eight-headed hydra
 10739 | Lair:2   | Reached skill level 5 in Shapeshifting
 10876 | Lair:2   | Noticed Maggie
 10883 | Lair:2   | Killed Maggie
 11013 | Lair:2   | Found a staircase to the Shoals.
 11211 | Lair:3   | Noticed a seven-headed hydra
 11228 | Lair:3   | Killed a seven-headed hydra
 11308 | Lair:3   | Noticed a five-headed hydra
 11323 | Lair:3   | Killed a six-headed hydra
 11634 | Lair:3   | Reached skill level 15 in Unarmed Combat
 11648 | Lair:3   | Found a hole to the Spider Nest.
 11668 | Lair:3   | HP: 4/124 [poisoned by a redback]
 11906 | Lair:3   | Reached XP level 13. HP: 112/131 MP: 12/12
 12191 | Lair:3   | Reached ***** piety under Trog
 12346 | Lair:4   | Noticed Snorg
 12353 | Lair:4   | Killed Snorg
 12742 | Lair:4   | Reached skill level 10 in Dodging
 12746 | Lair:4   | Reached skill level 10 in Fighting
 12759 | Lair:4   | Received a gift from Trog
 13173 | Lair:4   | HP: 6/133 [six-headed hydra (3)]
 13173 | Lair:4   | HP: 2/133 [six-headed hydra (4)]
 13173 | Lair:4   | Slain by a six-headed hydra

Illustrated notes

Levels and vault maps discovered:
D:1:      saegor_arrival_miasma, layout_loops_ring
D:2:      layout_rooms, basic_altar, serial_bayou, serial_bayou_shore_a,
          serial_bayou_shore_b, serial_bayou_lagoon_a, serial_bayou_pond_b,
          serial_bayou_pond_e, serial_bayou_pond_b, chequers_big_river
D:3:      layout_basic, bloody_trog
D:4:      layout_loops_corners, amcnicky_altar_gilded, nicolae_ru_awakened_eye,
          grunt_gozag_breadcrumbs
D:5:      layout_loops_corners, grunt_dithmenos_smoke_and_mirrors,
          kennysheep_nub
D:6:      layout_gridville, mainiacjoe_overflow_large_starburst
D:7:      layout_basic, minmay_temple_entry_fiery,
          chequers_serial_rivers_room_b, uniq_crazy_yiuf_cottage, uniq_menkaure
D:8:      layout_gridville, makhleb_grotto_becter, enter_bailey_5,
          nzn_ghost_randoct, serial_nicolae_subway, nicolae_sub_station_stone,
          nicolae_sub_station_metal, nicolae_sub_station_crystal, uniq_grum,
          uniq_psyche, uniq_pikel
D:9:      layout_roguey, palyth_temple_overflow_mages,
          mainiacjoe_overflow_surrounded_room, serial_shops,
          nicolae_shop_temple_entry_statues_fountains
D:10:     layout_rooms, tso_oasis_becter, serial_shops, kennysheep_little_box,
          kennysheep_generic_room_3
D:11:     layout_gridville, dpeg_oklobed_lair, david_orc_4
D:12:     layout_small_grid, minmay_misc_feat_diagonals,
          nicolae_hepliaklqana_hippocampus
Lair:1:   layout_regular_city, basic_altar, bh_autumn_forest_stairs,
          small_statue_intersection
Lair:2:   layout_regular_city, minmay_shoals_entry_hut, lemuel_fruit_tree,
          infiniplex_staircase_pool_2, uniq_maggie
Lair:3:   layout_chaotic_city, spider_nest_entry_funnel_web,
          serial_bayou_shore_b
Lair:4:   nzn_winding_woodlands_stair_trap
          [nzn_winding_woodlands_5x15_split_checker,
          nzn_winding_woodlands_5x15_sawtooth,
          nzn_winding_woodlands_5x15_sidewinder,
          nzn_winding_woodlands_15x15_thick_spiral,
          nzn_winding_woodlands_5x15_parted,
          nzn_winding_woodlands_5x15_longhouse,
          nzn_winding_woodlands_5x15_river_crossing], layout_small_grid,
          serial_bayou_pond_e, uniq_snorg

Skill      XL: |  1  2  3  4  5  6  7  8  9 10 11 12 13 |
---------------+----------------------------------------+-----
Unarmed Combat | 4 5 7 8 9 11 12 13 14 15 | 15.6
Fighting       | 2 5 6 8 9 10 | 10.3
Dodging        | 3 5 6 8 9 10 | 10.3
Shapeshifting  | 5 7 |  7.2

Action                     |  1- 3 |  4- 6 |  7- 9 | 10-12 | 13-15 || total
---------------------------+-------+-------+-------+-------+-------++-------
  Melee: Unarmed           |    96 |    76 |   186 |   450 |   179 ||   987
         Punch             |     1 |     3 |     7 |    35 |    15 ||    61
         Quarterstaff      |       |       |       |    39 |    13 ||    52
 Invoke: Berserk           |       |       |       |     9 |     4 ||    13
         Brothers in Arms  |       |       |       |     1 |     1 ||     2
         Trog's Hand       |       |       |       |       |     1 ||     1
  Evoke: Wand              |       |     3 |     2 |    12 |     3 ||    20
    Use: Scroll            |       |       |       |    19 |       ||    19
         Potion            |       |       |       |     8 |       ||     8
   Stab: Sleeping          |     1 |       |       |       |       ||     1
         Confused          |       |       |       |     1 |       ||     1
 Armour: Animal skin       |    54 |    65 |   131 |       |       ||   250
         Acid dragon scale |       |       |    26 |   526 |   192 ||   744
         Skin              |       |       |     1 |       |       ||     1
  Dodge: Dodged            |    40 |    49 |    80 |   267 |    89 ||   525
  Block: Other             |       |     3 |    42 |   133 |    42 ||   220
         Reflection        |       |       |     4 |     4 |       ||     8

Table legend: (Time is in decaauts)
 A = Elapsed time spent in this place.
 B = Non-inter-level travel time spent in this place.
 C = Inter-level travel time spent in this place.
 D = Time resting spent in this place.
 E = Time spent auto-exploring this place.
 F = Levels seen in this place.
 G = Mean time per level.
                   A        B        C        D        E       F      G
               +--------+--------+--------+--------+--------+-----+--------+
         Total |  13052 |  12429 |    623 |   1194 |   9085 |  16 |  815.8 |
       Dungeon |   9018 |   8526 |    492 |    538 |   6654 |  12 |  751.5 |
          Lair |   4033 |   3902 |    131 |    656 |   2431 |   4 | 1008.2 |
               +--------+--------+--------+--------+--------+-----+--------+

Top non-repeatable levels by time:
    D:11: 1472 daAuts
  Lair:1: 1237 daAuts
     D:8: 1112 daAuts
     D:7: 1053 daAuts
  Lair:3: 1052 daAuts
     D:5: 960 daAuts
  Lair:2: 926 daAuts
     D:4: 855 daAuts
  Lair:4: 817 daAuts
     D:9: 774 daAuts
     D:6: 741 daAuts
     D:3: 690 daAuts
     D:1: 635 daAuts
    D:10: 528 daAuts
     D:2: 192 daAuts
